 Dungeon Crawl Stone Soup version 0.30.1-6-gbe392663c4 (webtiles) character file.

Game seed: 5752825672174481754

73 arthad the Sneak (level 4, -3/21 HPs)
             Began as a Spriggan Earth Elementalist on Sept 20, 2023.
             Slain by a cerulean imp
             ... wielding a +2 spear
             ... summoned by Natasha
              (5 damage)
             ... on level 3 of the Dungeon.
             The game lasted 00:02:37 (2220 turns).

arthad the Sneak (Spriggan Earth Elementalist)      Turns: 2220, Time: 00:02:37

Health: -3/21      AC:  2    Str:  4    XL:     4   Next: 8%
Magic:  5/10       EV: 17    Int: 18    God:
Gold:   89         SH:  0    Dex: 15    Spells: 5/9 levels left

rFire   + . .        (weapon restricted)
rCold   + . .        (no shield)
rNeg    . . .        a - +0 robe
rPois   +            (helmet restricted)
rElec   +            (no cloak)
rCorr   +            (gloves unavailable)
SInv    +            (boots unavailable)
Will    .....        (no amulet)
Stlth   +++          (no ring)
HPRegen 0.23/turn    (no ring)
MPRegen 0.12/turn

%: no passive effects
@: resistant, very quick
A: very small, no large weapons, unfitting armour, see invisible, speed 3
a: no special abilities


You were on level 3 of the Dungeon.
You visited 1 branch of the dungeon, and saw 3 of its levels.

You collected 89 gold pieces.

Inventory:

Hand Weapons
 h - a +0 dagger of venom
Missiles
 k - 6 boomerangs
Armour
 a - a +0 robe (worn)
Jewellery
 d - an amulet of faith
Scrolls
 c - 5 scrolls of teleportation {unknown}
 e - a scroll of amnesia {unknown}
 g - a scroll of identify {unknown}
 i - a scroll of enchant armour {unknown}
 j - 2 scrolls of enchant weapon {unknown}
 m - a scroll of fog {unknown}
Potions
 b - a potion of magic
 l - a potion of haste {unknown}
 n - a potion of flight {unknown}


   Skills:
 + Level 0.0 Fighting
 + Level 3.3 Dodging
 + Level 4.0 Stealth
 * Level 3.4 Spellcasting
 * Level 0.3 Conjurations
 + Level 2.3 Transmutations
 + Level 0.1 Air Magic
 * Level 3.1 Earth Magic
 + Level 0.0 Poison Magic


You had 5 spell levels left.
You knew the following spells:

 Your Spells              Type           Power      Damage    Failure   Level
a - Sandblast             Erth           28%        2d8       4%          1
b - Stone Arrow           Conj/Erth      18%        3d8       22%         3

Your spell library contained the following spells:

 Spells                   Type           Power      Damage    Failure   Level
 Passwall                 Tmut/Erth      10%        N/A       8%          2
 Poisonous Vapours        Pois/Air       6%         N/A       22%         2
 Mephitic Cloud           Conj/Pois/Air  3%         N/A       41%         3
 Petrify                  Tmut/Erth      12%        N/A       45%         4
 Freezing Cloud           Conj/Ice/Air   1%         6-21      99%         5


Dungeon Overview and Level Annotations

Branches:
Dungeon (3/15)

Altars:
Fedhas

Annotations:
D:3 Natasha


Innate Abilities, Weirdness & Mutations

You are very small and have problems with some larger weapons.
You are too small for most types of armour.
You have supernaturally acute eyesight. (SInv)
You cover ground extremely quickly. (Speed+++)


Message History

You can't see any susceptible monsters within range! (Use Z to cast anyway.)
The kobold shouts!
The blast of sand hits Natasha.
Natasha is heavily wounded.
The blast of sand misses Natasha.
Natasha casts a spell.
Natasha casts a spell at you. The magic dart hits you.
The blast of sand hits the cerulean imp!
The cerulean imp is severely wounded.
The cerulean imp hits you with a +2 spear.
Natasha barely misses you.
The blast of sand hits the cerulean imp.
The cerulean imp is severely wounded.
The cerulean imp misses you.
Natasha howls an incantation.
You feel troubled. Natasha barely misses you.
The cerulean imp barely misses you.
The blast of sand hits the cerulean imp.
The cerulean imp is almost dead.
The kobold misses you. Natasha closely misses you.
The cerulean imp hits you with a +2 spear.
* * * LOW HITPOINT WARNING * * *
The kobold closely misses you. Natasha closely misses you.
Aiming: Sandblast (safe; 4% risk of failure)
Press: ? - help, Q - select action, (/) - cycle Shift-Dir - straight line, f - Natasha, p - cerulean imp
Aim: Natasha (moderately wounded, spells empowered, 77% to hit)
The blast of sand hits Natasha.
Natasha is heavily wounded.
The cerulean imp hits you with a +2 spear.
* * * LOW HITPOINT WARNING * * *
The kobold closely misses you. Natasha claws you.
* * * LOW HITPOINT WARNING * * *
The cerulean imp hits you with a +2 spear.
* * * LOW HITPOINT WARNING * * *
It was a potion of resistance.
You feel protected. The kobold barely misses you.
Natasha casts a spell.
The cerulean imp hits you with a +2 spear.
You die...

..##.###........#
#.#.........#.#.#########
.........................
..#.............#.######.#
#.#.#.##....#.#..........#
....................####.#
..............#.#...#
.............5......#
#.#............K@...#
.......h5....!..
................
...........###..
.......##..# . ..?....
.... ....... ..## ##.....
..#


You could see Natasha (empowered), 2 cerulean imps and a kobold.

Vanquished Creatures
  A gnoll (D:1)
  An adder (D:2)
  2 dart slugs
  3 ball pythons
  5 bats
  2 endoplasms
  2 giant cockroaches (D:2)
  4 goblins
  2 hobgoblins
  6 jackals
  4 kobolds
  A quokka (D:1)
  7 frilled lizards
  6 rats
46 creatures vanquished.

Notes
Turn   | Place    | Note
-------+----------+-------------------------------------------
     0 | D:1      | arthad the Spriggan Earth Elementalist began the quest for
                  | the Orb.
     0 | D:1      | Reached XP level 1. HP: 9/9 MP: 5/5
   351 | D:1      | Reached XP level 2. HP: 13/13 MP: 3/6
  1166 | D:1      | Reached XP level 3. HP: 12/16 MP: 2/8
  1170 | D:1      | Learned a level 3 spell: Stone Arrow
  1787 | D:2      | Found a blossoming altar of Fedhas.
  1897 | D:2      | Reached XP level 4. HP: 21/21 MP: 7/10
  2012 | D:2      | Reached skill level 4 in Stealth
  2210 | D:3      | Noticed Natasha
  2220 | D:3      | Slain by a cerulean imp

Illustrated notes

Levels and vault maps discovered:
D:1:      shiori_angband_town, layout_loops_ring
D:2:      layout_loops_ring, basic_altar
D:3:      minmay_skewed_foursquare, layout_basic, zin_angel,
          hellmonk_ecumenical_altar_lost_god, minmay_pentangle, uniq_natasha

Skill      XL: |  1  2  3  4 |
---------------+-------------+-----
Dodging        | 3 |  3.3
Spellcasting   | 3 |  3.4
Transmutations | 2 |  2.3
Earth Magic    | 3 |  3.1
Stealth        | 4 |  4.0
Conjurations   | |  0.3
Air Magic      | |  0.1

Action                     |  1- 3 |  4- 6 || total
---------------------------+-------+-------++-------
   Cast: Sandblast         |    63 |    10 ||    73
    Use: Potion            |       |     1 ||     1
  Dodge: Dodged            |     7 |    10 ||    17
